| TOP OF THE 1ST |
|
Mississippi Braves batting - Pitching for Pensacola Blue Wahoos : RHP Tim Bant
|
|
Pitching: RHP Tim Bant
|
|
|
Batting: RHB Edgar Castillo
|
0-0: Called Strike 0-1: Foul Ball, location: 2F 0-2: Foul Ball, location: 2F 0-2: Ball 1-2: Ball 2-2: Ball 3-2: Foul Ball, location: 2F 3-2: Ground out 6-3 (Groundball, 56, EV 103.1 MPH)
|
|
Batting: RHB Luis Revilla
|
0-0: Called Strike 0-1: Ground out U3 (Groundball, 13, EV 90.6 MPH)
|
|
Batting: LHB Chad Persaud
|
0-0: Ball 1-0: Foul Ball, location: 2F 1-1: Foul Ball, location: 2F 1-2: Ball 2-2: DOUBLE (Line Drive, 78D, EV 113.8 MPH)
|
|
Batting: SHB Bob Morales
|
0-0: Fly out, F7 (Flyball, 78D, EV 98.1 MPH)
|
| Top of the 1st over - 0 runs, 1 hit, 0 errors, 1 left on base; Mississippi 0 - Pensacola 0 |
| BOTTOM OF THE 1ST |
|
Pensacola Blue Wahoos batting - Pitching for Mississippi Braves : RHP Jeff Olech
|
|
Pitching: RHP Jeff Olech
|
|
|
Batting: RHB Jon Marquez
|
0-0: Foul Ball, location: 2F 0-1: Ball 1-1: Called Strike 1-2: Ground out U3 (Groundball, 3L, EV 101.9 MPH)
|
|
Batting: RHB Tim Wormell
|
0-0: Called Strike 0-1: Called Strike 0-2: Foul Ball, location: 2F 0-2: Strikes out looking
|
|
Batting: RHB Dusty Pollert
|
0-0: Foul Ball, location: 2F 0-1: SINGLE (Groundball, 25, EV 75.0 MPH) (infield hit)
|
|
Batting: LHB Leo Gomez
|
0-0: Ball Dusty Pollert steals 2nd base 1-0: Called Strike 1-1: Ball 2-1: Swinging Strike 2-2: Ground out U3 (Groundball, 34, EV 77.5 MPH)
|
| Bottom of the 1st over - 0 runs, 1 hit, 0 errors, 1 left on base; Mississippi 0 - Pensacola 0 |
| TOP OF THE 2ND |
|
Mississippi Braves batting - Pitching for Pensacola Blue Wahoos : RHP Tim Bant
|
|
Batting: RHB Mike Meeker
|
0-0: Called Strike 0-1: Fly out, F7 (Flyball, 7S, EV 85.6 MPH)
|
|
Batting: RHB Alex Velasquez
|
0-0: Reached on error, E3 (Groundball, 34S, EV 84.4 MPH)
|
|
Batting: RHB Andy Cunningham
|
0-0: Ball 1-0: Ball 2-0: Ball 3-0: Called Strike 3-1: Called Strike 3-2: Foul Ball, location: 2F 3-2: Ground out 6-3 (Groundball, 6S, EV 90.6 MPH) Alex Velasquez to second
|
|
Batting: LHB Jon Burgos
|
0-0: Swinging Strike 0-1: Foul Ball, location: 2F 0-2: Foul Ball, location: 2F 0-2: Foul Ball, location: 2F 0-2: Reached on error, E5 (Groundball, 5S, EV 61.9 MPH) Alex Velasquez to third
|
|
Batting: SHB Juan Aguilar
|
0-0: Reached on error, E5 (Groundball, 56, EV 80.6 MPH) Alex Velasquez scores Jon Burgos to second
|
|
Batting: RHB Edgar Castillo
|
0-0: Ground out U3 (Groundball, 3, EV 82.5 MPH)
|
| Top of the 2nd over - 1 run, 0 hits, 3 errors, 2 left on base; Mississippi 1 - Pensacola 0 |
| BOTTOM OF THE 2ND |
|
Pensacola Blue Wahoos batting - Pitching for Mississippi Braves : RHP Jeff Olech
|
|
Batting: RHB David Clough
|
0-0: Ball 1-0: SINGLE (Line Drive, 9S, EV 110.0 MPH)
|
|
Batting: SHB Alex Morales
|
0-0: Foul Ball, location: 2F 0-1: Ball 1-1: Swinging Strike 1-2: Ball 2-2: Foul Ball, location: 2F 2-2: Ball 3-2: Strikes out swinging
|
|
Batting: LHB Nick Nino
|
0-0: Ball 1-0: Ball 2-0: Fielders Choice at 2nd, 3-6 (Groundball, 34S, EV 83.8 MPH)
|
|
Batting: RHB Ben Hinman
|
0-0: Fly out, F4 (Popup, 4M, EV 73.1 MPH)
|
| Bottom of the 2nd over - 0 runs, 1 hit, 0 errors, 1 left on base; Mississippi 1 - Pensacola 0 |
| TOP OF THE 3RD |
|
Mississippi Braves batting - Pitching for Pensacola Blue Wahoos : RHP Tim Bant
|
|
Batting: RHB Luis Revilla
|
0-0: Called Strike 0-1: Foul Ball, location: 2F 0-2: Foul Ball, location: 2F 0-2: Ball 1-2: Foul Ball, location: 2F 1-2: Ball 2-2: Foul Ball, location: 2F 2-2: Foul Ball, location: 2F 2-2: Ball 3-2: Ground out 6-3 (Groundball, 6, EV 82.5 MPH)
|
|
Batting: LHB Chad Persaud
|
0-0: Ball 1-0: Ball 2-0: Ground out 5-3 (Groundball, 56, EV 103.1 MPH)
|
|
Batting: SHB Bob Morales
|
0-0: Swinging Strike 0-1: Ground out U3 (Groundball, 3S, EV 83.1 MPH)
|
| Top of the 3rd over - 0 runs, 0 hits, 0 errors, 0 left on base; Mississippi 1 - Pensacola 0 |
| BOTTOM OF THE 3RD |
|
Pensacola Blue Wahoos batting - Pitching for Mississippi Braves : RHP Jeff Olech
|
|
Batting: RHB Kagetoki Kawai
|
0-0: Called Strike 0-1: Swinging Strike 0-2: Ball 1-2: Ball 2-2: Strikes out swinging
|
|
Batting: RHB Jon Marquez
|
0-0: Swinging Strike 0-1: Ball 1-1: Fly out, F1 (Popup, 15, EV 78.8 MPH)
|
|
Batting: RHB Tim Wormell
|
0-0: Foul Ball, location: 2F 0-1: Ball 1-1: Fly out, F8 (Flyball, 8LD, EV 106.2 MPH)
|
| Bottom of the 3rd over - 0 runs, 0 hits, 0 errors, 0 left on base; Mississippi 1 - Pensacola 0 |
| TOP OF THE 4TH |
|
Mississippi Braves batting - Pitching for Pensacola Blue Wahoos : RHP Tim Bant
|
|
Batting: RHB Mike Meeker
|
0-0: Foul Ball, location: 2F 0-1: Called Strike 0-2: Ball 1-2: Ground out U3 (Groundball, 34, EV 105.6 MPH)
|
|
Batting: RHB Alex Velasquez
|
0-0: Ground out 6-3 (Groundball, 6, EV 106.2 MPH)
|
|
Batting: RHB Andy Cunningham
|
0-0: Ground out 1-3 (Groundball, 13, EV 71.2 MPH)
|
| Top of the 4th over - 0 runs, 0 hits, 0 errors, 0 left on base; Mississippi 1 - Pensacola 0 |
| BOTTOM OF THE 4TH |
|
Pensacola Blue Wahoos batting - Pitching for Mississippi Braves : RHP Jeff Olech
|
|
Batting: RHB Dusty Pollert
|
0-0: Ball 1-0: Called Strike 1-1: Ball 2-1: Foul Ball, location: 2F 2-2: Fly out, F8 (Flyball, 8LXD, EV 91.9 MPH)
|
|
Batting: LHB Leo Gomez
|
0-0: Called Strike 0-1: Foul Ball, location: 2F 0-2: Ball 1-2: Foul Ball, location: 2F 1-2: Foul Ball, location: 2F 1-2: Ground out 5-3 (Groundball, 56, EV 86.2 MPH)
|
|
Batting: RHB David Clough
|
0-0: Foul Ball, location: 2F 0-1: Ball 1-1: Ball 2-1: Foul Ball, location: 2F 2-2: Strikes out swinging
|
| Bottom of the 4th over - 0 runs, 0 hits, 0 errors, 0 left on base; Mississippi 1 - Pensacola 0 |
| TOP OF THE 5TH |
|
Mississippi Braves batting - Pitching for Pensacola Blue Wahoos : RHP Tim Bant
|
|
Batting: LHB Jon Burgos
|
0-0: Foul Ball, location: 2F 0-1: Ball 1-1: Swinging Strike 1-2: Foul Ball, location: 2F 1-2: Ball 2-2: Ball 3-2: Ground out 6-3 (Groundball, P, EV 92.5 MPH)
|
|
Batting: SHB Juan Aguilar
|
0-0: Ball 1-0: Swinging Strike 1-1: Swinging Strike 1-2: Ball 2-2: SINGLE (Flyball, 5D, EV 95.0 MPH)
|
|
Batting: RHB Edgar Castillo
|
0-0: Ball 1-0: Ball 2-0: Ball 3-0: Base on Balls Juan Aguilar to second
|
|
Batting: RHB Luis Revilla
|
0-0: Foul Ball, location: 2F 0-1: Foul Ball, location: 2F 0-2: Ball 1-2: Ground out 5-3 (Groundball, 56S, EV 68.1 MPH) Juan Aguilar to third Edgar Castillo to second
|
|
Batting: LHB Chad Persaud
|
0-0: Ball 1-0: Foul Ball, location: 2F 1-1: Swinging Strike 1-2: Ball 2-2: Ball 3-2: Ground out 5-3 (Groundball, 56S, EV 70.0 MPH)
|
| Top of the 5th over - 0 runs, 1 hit, 0 errors, 2 left on base; Mississippi 1 - Pensacola 0 |
| BOTTOM OF THE 5TH |
|
Pensacola Blue Wahoos batting - Pitching for Mississippi Braves : RHP Jeff Olech
|
|
Batting: SHB Alex Morales
|
0-0: Foul Ball, location: 2F 0-1: Ball 1-1: Ball 2-1: Swinging Strike 2-2: Ball 3-2: Base on Balls
|
|
Batting: LHB Nick Nino
|
0-0: Called Strike 0-1: Grounds into double play, 4-6-3 (Groundball, 4, EV 86.2 MPH)
|
|
Batting: RHB Ben Hinman
|
0-0: Called Strike 0-1: Ball 1-1: Foul Ball, location: 2F 1-2: Ground out 5-3 (Groundball, 5, EV 94.4 MPH)
|
| Bottom of the 5th over - 0 runs, 0 hits, 0 errors, 0 left on base; Mississippi 1 - Pensacola 0 |
| TOP OF THE 6TH |
|
Mississippi Braves batting - Pitching for Pensacola Blue Wahoos : RHP Tim Bant
|
|
Batting: SHB Bob Morales
|
0-0: Fly out, F8 (Flyball, 78XD, EV 90.6 MPH)
|
|
Batting: RHB Mike Meeker
|
0-0: Ball 1-0: Ball 2-0: Foul Ball, location: 2F 2-1: Ball 3-1: Called Strike 3-2: Ground out 6-3 (Groundball, 6, EV 78.8 MPH)
|
|
Batting: RHB Alex Velasquez
|
0-0: Fly out, F3 (Line Drive, 3, EV 69.4 MPH)
|
| Top of the 6th over - 0 runs, 0 hits, 0 errors, 0 left on base; Mississippi 1 - Pensacola 0 |
| BOTTOM OF THE 6TH |
|
Pensacola Blue Wahoos batting - Pitching for Mississippi Braves : RHP Jeff Olech
|
|
Batting: RHB Kagetoki Kawai
|
0-0: SOLO HOME RUN (Flyball, 7LD, EV 92.5 MPH), Distance : 345 ft
|
|
Batting: RHB Jon Marquez
|
0-0: Called Strike 0-1: Ball 1-1: Swinging Strike 1-2: Strikes out swinging
|
|
Batting: RHB Tim Wormell
|
0-0: Called Strike 0-1: Called Strike 0-2: Ball 1-2: Foul Ball, location: 2F 1-2: Ball 2-2: Ball 3-2: Reached on error, E6 (Groundball, 6, EV 83.1 MPH)
|
|
Batting: RHB Dusty Pollert
|
0-0: Ground out 6-3 (Groundball, 6M, EV 81.9 MPH) Tim Wormell to third
|
|
Batting: LHB Leo Gomez
|
0-0: Intentional Walk
|
|
Batting: RHB David Clough
|
0-0: Ball 1-0: Ball 2-0: Ball Leo Gomez steals 2nd base 3-0: Called Strike 3-1: Fly out, F9 (Flyball, 89S, EV 85.0 MPH)
|
| Bottom of the 6th over - 1 run, 1 hit, 1 error, 2 left on base; Mississippi 1 - Pensacola 1 |
| TOP OF THE 7TH |
|
Mississippi Braves batting - Pitching for Pensacola Blue Wahoos : RHP Tim Bant
|
|
Pitching: RHP Vladislav Prochazka
|
|
|
Batting: RHB Andy Cunningham
|
0-0: Ball 1-0: Ball 2-0: Foul Ball, location: 2F 2-1: SINGLE (Groundball, 3S, EV 77.5 MPH) (infield hit)
|
|
Batting: LHB Jon Burgos
|
0-0: Ball Andy Cunningham is caught stealing 2nd base 2-6 1-0: Ball 2-0: Swinging Strike 2-1: Foul Ball, location: 2F 2-2: Foul Ball, location: 2F 2-2: Strikes out swinging
|
|
Batting: SHB Juan Aguilar
|
0-0: Foul Ball, location: 2F 0-1: Ball 1-1: Ball 2-1: Ball 3-1: DOUBLE (Groundball, 3L, EV 103.8 MPH)
|
|
Batting: RHB Edgar Castillo
|
0-0: Ball 1-0: DOUBLE (Line Drive, 9LM, EV 91.9 MPH) Juan Aguilar scores
|
|
Batting: RHB Luis Revilla
|
0-0: Called Strike 0-1: Ball 1-1: Foul Ball, location: 2F 1-2: Ground out 6-3 (Groundball, 6, EV 89.4 MPH)
|
| Top of the 7th over - 1 run, 3 hits, 0 errors, 1 left on base; Mississippi 2 - Pensacola 1 |
| BOTTOM OF THE 7TH |
|
Pensacola Blue Wahoos batting - Pitching for Mississippi Braves : RHP Jeff Olech
|
|
Now at 1B: Hieronim Rutkowski
|
|
|
Batting: SHB Alex Morales
|
0-0: Ball 1-0: Called Strike 1-1: Foul Ball, location: 2F 1-2: Strikes out swinging
|
|
Batting: LHB Nick Nino
|
0-0: Ball 1-0: Called Strike 1-1: Ground out 4-3 (Groundball, 4, EV 86.2 MPH)
|
|
Batting: RHB Ben Hinman
|
0-0: Ball 1-0: Ground out 4-3 (Groundball, 34S, EV 84.4 MPH)
|
| Bottom of the 7th over - 0 runs, 0 hits, 0 errors, 0 left on base; Mississippi 2 - Pensacola 1 |
| TOP OF THE 8TH |
|
Mississippi Braves batting - Pitching for Pensacola Blue Wahoos : RHP Vladislav Prochazka
|
|
Pitching: RHP Joaquin Villalobos
|
|
|
Batting: LHB Chad Persaud
|
0-0: Called Strike 0-1: Ground out 6-3 (Groundball, 6M, EV 85.6 MPH)
|
|
Batting: SHB Bob Morales
|
0-0: Ground out U3 (Groundball, 3S, EV 91.2 MPH)
|
|
Batting: RHB Mike Meeker
|
0-0: Ball 1-0: Called Strike 1-1: Fly out, F6 (Line Drive, 6MD, EV 63.8 MPH)
|
| Top of the 8th over - 0 runs, 0 hits, 0 errors, 0 left on base; Mississippi 2 - Pensacola 1 |
| BOTTOM OF THE 8TH |
|
Pensacola Blue Wahoos batting - Pitching for Mississippi Braves : RHP Jeff Olech
|
|
Pitching: RHP Bryan Vandenburgh
|
|
|
Batting: RHB Kagetoki Kawai
|
0-0: Ball 1-0: Swinging Strike 1-1: Ground out 6-3 (Groundball, 6, EV 90.0 MPH)
|
|
Batting: RHB Jon Marquez
|
0-0: Fly out, F9 (Flyball, 9LS, EV 72.5 MPH)
|
|
Batting: RHB Tim Wormell
|
0-0: Ball 1-0: Ball 2-0: Swinging Strike 2-1: Ground out 6-3 (Groundball, 6MS, EV 80.6 MPH)
|
| Bottom of the 8th over - 0 runs, 0 hits, 0 errors, 0 left on base; Mississippi 2 - Pensacola 1 |
| TOP OF THE 9TH |
|
Mississippi Braves batting - Pitching for Pensacola Blue Wahoos : RHP Joaquin Villalobos
|
|
Batting: RHB Alex Velasquez
|
0-0: Called Strike 0-1: SINGLE (Line Drive, 9S, EV 103.1 MPH)
|
|
Batting: RHB Andy Cunningham
|
0-0: Ball 1-0: Called Strike Alex Velasquez is caught stealing 2nd base 2-4 1-1: Swinging Strike 1-2: Ball 2-2: Ball 3-2: Strikes out swinging
|
|
Batting: LHB Jon Burgos
|
0-0: Swinging Strike 0-1: Swinging Strike 0-2: Ball 1-2: Ground out 4-3 (Groundball, 4M, EV 104.4 MPH)
|
| Top of the 9th over - 0 runs, 1 hit, 0 errors, 0 left on base; Mississippi 2 - Pensacola 1 |
| BOTTOM OF THE 9TH |
|
Pensacola Blue Wahoos batting - Pitching for Mississippi Braves : RHP Bryan Vandenburgh
|
|
Pitching: RHP Jeff Heaster
|
|
|
Batting: RHB Dusty Pollert
|
0-0: Ball 1-0: Swinging Strike 1-1: Fly out, F8 (Flyball, 8RD, EV 86.9 MPH)
|
|
Batting: LHB Leo Gomez
|
0-0: Foul Ball, location: 2F 0-1: Swinging Strike 0-2: Ball 1-2: Fly out, F7 (Flyball, 7D, EV 101.9 MPH)
|
|
Batting: RHB David Clough
|
0-0: Ball 1-0: Ground out 6-3 (Groundball, 6, EV 103.1 MPH)
|
| Bottom of the 9th over - 0 runs, 0 hits, 0 errors, 0 left on base; Mississippi 2 - Pensacola 1 |
|